 Dungeon Crawl Stone Soup version 0.30-a0-857-gcaf70739d4 (webtiles) character file.

Game seed: 583223474692642356

543 bmack86 the Chopper (level 7, -2/61 HPs)
             Began as a Minotaur Fighter on Mar 5, 2023.
             Slain by a gnoll
             ... wielding a +2 spear of venom
              (4 damage)
             ... on level 4 of the Dungeon.
             The game lasted 00:06:16 (2231 turns).

bmack86 the Chopper (Minotaur Fighter)              Turns: 2231, Time: 00:06:16

Health: -2/61      AC: 10    Str: 22    XL:     7   Next: 6%
Magic:  6/6        EV: 12    Int:  5    God:
Gold:   307        SH:  5    Dex: 10    Spells: 6/6 levels left

rFire   . . .      SeeInvis .    o - +3 hand axe
rCold   . . .      Faith    .    c - +0 buckler
rNeg    . . .      Spirit   .    f - +1 chain mail
rPois   .          Reflect  .    (helmet restricted)
rElec   .          Rampage  .    (no cloak)
rCorr   .                        (no gloves)
Will    .....                    (no boots) Stlth
                                 m - amulet of the acrobat
HPRegen 0.30/turn                j - +5 ring of evasion
MPRegen 0.10/turn                (no ring)

@: weakened
A: horns 2, retaliatory headbutt
a: no special abilities


You were on level 4 of the Dungeon.
You visited 1 branch of the dungeon, and saw 4 of its levels.

You collected 307 gold pieces.

Inventory:

Hand Weapons
 a - a +0 war axe
 o - a +3 hand axe (weapon)
Missiles
 h - a throwing net
 p - 2 poisoned darts
 r - 6 boomerangs (quivered)
 s - 3 silver javelins
 t - 6 curare-tipped darts
Armour
 b - a +0 scale mail
 c - a +0 buckler (worn)
 f - a +1 chain mail (worn)
Jewellery
 j - a +5 ring of evasion (left hand)
 m - an amulet of the acrobat (around neck)
 v - a ring of ice
Wands
 q - a wand of charming (4)
Scrolls
 n - 4 scrolls of teleportation {unknown}
 u - a scroll of fog {unknown}
 w - 2 scrolls of poison {unknown}
Potions
 d - a potion of might
 e - 2 potions of degeneration {unknown}
 g - a potion of brilliance {unknown}
 i - 3 potions of curing
 k - 3 potions of flight
 l - a potion of heal wounds {unknown}


   Skills:
 + Level 5.1 Fighting
 * Level 5.7 Axes
 + Level 2.6 Throwing
 + Level 5.2 Armour
 + Level 5.1 Shields


You had 6 spell levels left.
You didn't know any spells.
Your spell library contained the following spells:

 Spells                   Type           Power      Damage    Failure   Level
 Beastly Appendage        Tmut           0%         N/A       99%         1
 Wereblood                Tmut           0%         N/A       100%        2
 Dazzling Flash           Conj/Hex       0%         N/A       100%        3
 Spider Form              Tmut/Pois      0%         N/A       100%        3
 Iskenderun's Mystic Bla  Conj/Tloc      0%         2d3       100%        4
 Starburst                Conj/Fire      0%         6d3       100%        6


Dungeon Overview and Level Annotations

Branches:
Dungeon (4/15)
 Temple: D:4-7

Altars:
Dithmenos
Kikubaaqudgha
Sif Muna

Shops:
D:3 [

Annotations:
D:4 1 runed translucent door, Crazy Yiuf


Innate Abilities, Weirdness & Mutations

You have a pair of horns on your head.
You reflexively headbutt those who attack you in melee.


Message History

You hit the gnoll. You headbutt the gnoll.
You kill the gnoll!
The gnoll hits you from afar with a +0 spear.
The gnoll hits you but does no damage. The gnoll completely misses you.
You furiously retaliate!
You headbutt the gnoll! The gnoll completely misses you.
Items here: )))))) ? ††††.
The gnoll shouts! x2; You hear a shout!
The gnoll barely misses you. You furiously retaliate!
You headbutt the gnoll!
You kill the gnoll!
A gnoll breaks down the door.
A gnoll sergeant comes into view. It is wielding a +8 heavy trident.
The gnoll hits you with a +0 halberd!
* * * LOW HITPOINT WARNING * * *
The gnoll attacks as you move away! The gnoll closely misses you.
You furiously retaliate!
You headbutt the gnoll! The gnoll completely misses you.
Things that are here:
a +0 spear; a +0 hand axe; a gnoll corpse A gnoll comes into view.
It is wielding a +2 whip of electrocution.
The gnoll shouts!
You block the gnoll's attack.
You hit the gnoll but do no damage.
The gnoll is heavily wounded.
The gnoll closely misses you.
You hit the gnoll. Your headbutt misses the gnoll.
The gnoll is almost dead.
The gnoll hits you with a +0 halberd!
* * * LOW HITPOINT WARNING * * *
A gnoll bouda comes into view. It is wielding the +5 woodcutter's axe.
You hit the gnoll but do no damage.
The gnoll is almost dead.
The gnoll hits you with a +0 halberd.
* * * LOW HITPOINT WARNING * * *
The gnoll hits you but does no damage.
The gnoll bouda gazes fiercely through you!
You feel your attacks grow feeble. The gnoll barely misses you.
The gnoll hits you from afar with a +2 spear of venom.
You die...

#########
#.......#
#.#####.# ##.# ♣.♣
#..# ♣♣)♣♣ #.##
♣g@)♣ #####.#
♣...♣ #.....#
♣..gg.♣ #...>.#
♣).g♣.♣ #.....#
♣..♣.... #
#.....#♣....g...)
#
#.....#♣.###g###.♣
# #...<.#♣. .....
.♣ # #.....#


You could see a gnoll sergeant, a gnoll bouda and 4 gnolls.

Vanquished Creatures
  A black bear (D:4)
  Blork the orc (D:4)
  A scorpion (D:4)
  A sleepcap (D:4)
  Ijyb (D:4)
  Natasha (thrice) (D:2)
  An orc wizard (D:3)
  Robin (D:2)
  An adder (D:4)
  7 gnolls (D:4)
  A worm (D:2)
  5 dart slugs
  8 orcs
  An endoplasm (D:4)
  4 giant cockroaches
  14 goblins
  9 hobgoblins
  3 jackals (D:4)
  5 kobolds
  A quokka (D:4)
  8 ball pythons
  3 bats
  2 frilled lizards
  4 rats
86 creatures vanquished.

Notes
Turn   | Place    | Note
-------+----------+-------------------------------------------
     0 | D:1      | bmack86 the Minotaur Fighter began the quest for the Orb.
     0 | D:1      | Reached XP level 1. HP: 19/19 MP: 0/0
    88 | D:1      | Reached XP level 2. HP: 27/27 MP: 1/1
   737 | D:2      | Noticed Natasha
   741 | D:2      | Killed Natasha
   742 | D:2      | Reached XP level 3. HP: 33/33 MP: 2/2
   752 | D:2      | Noticed Natasha
   754 | D:2      | Noticed Robin
   761 | D:2      | Killed Natasha
   762 | D:2      | Reached skill level 1 in Throwing
   762 | D:2      | Reached XP level 4. HP: 35/40 MP: 3/3
   766 | D:2      | Killed Robin
   933 | D:2      | Noticed Natasha
   939 | D:2      | Found a shadowy altar of Dithmenos.
   941 | D:2      | Killed Natasha
  1209 | D:3      | Reached XP level 5. HP: 47/47 MP: 4/4
  1222 | D:3      | Found Rishreahue's Armour Shoppe.
  1665 | D:4      | Noticed a black bear
  1675 | D:4      | Killed a black bear
  1676 | D:4      | Reached skill level 5 in Axes
  1676 | D:4      | Reached XP level 6. HP: 31/53 MP: 5/5
  1776 | D:4      | Noticed Blork the orc
  1783 | D:4      | Killed Blork the orc
  1864 | D:4      | Noticed Ijyb
  1872 | D:4      | Killed Ijyb
  1889 | D:4      | Found a shimmering blue altar of Sif Muna.
  1889 | D:4      | Found an ancient bone altar of Kikubaaqudgha.
  1895 | D:4      | Reached skill level 5 in Fighting
  1895 | D:4      | Reached skill level 5 in Armour
  1895 | D:4      | Reached skill level 5 in Shields
  1984 | D:4      | Found a runed translucent door.
  1985 | D:4      | Noticed Crazy Yiuf
  2219 | D:4      | Reached XP level 7. HP: 43/61 MP: 6/6
  2231 | D:4      | HP: 2/61 [gnoll/+0 halberd (5)]
  2231 | D:4      | Slain by a gnoll

Illustrated notes

Levels and vault maps discovered:
D:1:      enne_arrival_octagon_isle, layout_basic
D:2:      layout_loops_ring, basic_altar, hex_tiny, serial_park_tiny_pond,
          uniq_robin, uniq_natasha
D:3:      layout_rooms, serial_shops, shop
D:4:      layout_basic, gammafunk_temple_overflow_pools,
          pf_guarded_unrand_woodcutter, uniq_blork_the_orc,
          uniq_crazy_yiuf_cottage, uniq_ijyb

Skill      XL: |  1  2  3  4  5  6 |
---------------+-------------------+-----
Axes           | 3 4 5 |  5.7
Fighting       | 4 5 |  5.1
Armour         | 4 5 |  5.2
Shields        | 4 5 |  5.1
Throwing       | 1 2 |  2.6

Action                     |  1- 3 |  4- 6 |  7- 9 || total
---------------------------+-------+-------+-------++-------
  Melee: War axe           |    41 |    55 |       ||    96
         Headbutt          |    10 |    16 |     1 ||    27
         Hand axe          |       |    48 |     9 ||    57
    Use: Scroll            |     2 |     1 |       ||     3
 Armour: Chain mail        |    36 |    45 |     4 ||    85
  Dodge: Dodged            |    24 |    88 |    14 ||   126
  Block: Buckler           |    16 |    28 |     3 ||    47

Table legend: (Time is in decaauts)
 A = Elapsed time spent in this place.
 B = Non-inter-level travel time spent in this place.
 C = Inter-level travel time spent in this place.
 D = Time resting spent in this place.
 E = Time spent auto-exploring this place.
 F = Levels seen in this place.
 G = Mean time per level.
                   A        B        C        D        E       F      G
               +--------+--------+--------+--------+--------+-----+--------+
         Total |   2287 |   2233 |     54 |      0 |   1465 |   4 |  571.8 |
       Dungeon |   2287 |   2233 |     54 |      0 |   1465 |   4 |  571.8 |
               +--------+--------+--------+--------+--------+-----+--------+

Top non-repeatable levels by time:
     D:2: 775 daAuts
     D:4: 678 daAuts
     D:1: 455 daAuts
     D:3: 378 daAuts
